NULL
Full Scoreboard »»

Lightning vs Rangers

Created - April 16, 2024 at 22:59

Goals
1 2 3 T
Lightning 0 1 0 1
Rangers 0 1 2 3
Shots
1 2 3 T
Lightning 6 22 5 33
Rangers 12 10 15 37

GoalsPenalties
1st period
No Goal
No Penalty
2nd period
1. Rangers , Jeff Skinner 22 (Mika Zibanejad 40, Mats Zuccarello 38) at 7:11 (PP)
2. Lightning , Rafael Harvey-Pinard 21 (Casey Cizikas 12) at 9:11
Alex Tuch (TBL) for Hooking (Minor) at 2:58
Alex Tuch (TBL) for Delaying the game (Minor) at 7:00
Tyler Motte (NYR) for Fighting (Major) at 18:47
Luke Schenn (TBL) for Fighting (Major) at 18:47
Casey Cizikas (TBL) for Hooking (Minor) at 18:50
3rd period
3. Rangers , Mats Zuccarello 25 (K'Andre Miller 25, Mika Zibanejad 41) at 0:06 (PP)
4. Rangers , Tyler Motte 5 (Derick Brassard 13) at 5:55
Duncan Keith (TBL) for Holding Stick (Minor) at 7:29
Luke Schenn (TBL) for Roughing (Minor) at 16:04
Goalie Stats
Linus Ullmark (TBL), 34 saves from 37 shots - (0.919), L, 30-16-4, 60:00 minutes
Igor Shesterkin (NYR), 32 saves from 33 shots - (0.970), W, 29-11-4, 60:00 minutes
3 StarsOfficial
1 - Igor Shesterkin (NYR)
2 - Mats Zuccarello (NYR)
3 - Mika Zibanejad (NYR)
Referees : Unknown
Linesman : Unknown
Game Note
Luke Schenn beats up Tyler Motte at 18:47 of 2nd period



Team Name Goals Shots Shots Attemp Shots Blocked PIM HIT PP PK FO%
Lightning 133631515240 / 0 (0.00%245%
Rangers 3378175262 / 5 (40%)055%

Lightning
Player Name POS G A P +/- PIM HIT SHT SB MP PP MP PP SHT PK MP PK SHT FO% FOT GA TA
Adam FoxD0000015219:310:0000:5300% 011
Alex ChiassonLW/RW000002008:080:0000:1100% 010
Alex SteevesC000001208:330:0000:3600% 001
Alex TuchLW/RW0000404015:230:0000:0000% 001
Casey CizikasC/LW/RW0110230017:460:0002:48056% 1800
Dalibor DvorskyC0000000015:180:0000:00042% 2400
Duncan KeithD0000231321:490:0003:2700% 002
Erik CernakD000-1021223:590:0004:1700% 000
Jakob SilfverbergC/LW/RW0000012011:320:0003:3500% 101
Jeff CarterC/RW0000021113:550:0000:00067% 610
Luke SchennD0001730216:570:0002:4700% 001
Martin NecasC/LW/RW0000001015:180:0000:0000% 201
Matt GrzelcykD0001002120:010:0003:2400% 001
Rafael Harvey-PinardLW/RW1010022014:590:0000:000100% 100
Victor HedmanD000-1022318:000:0000:0000% 000
Vladislav NamestnikovC/LW/RW0000003018:000:0003:3810% 000
Warren FoegeleC/LW/RW0000015119:260:0004:0000% 401
William CarrierLW0000012013:550:0000:0000% 000
Rangers
Player Name POS G A P +/- PIM HIT SHT SB MP PP MP PP SHT PK MP PK SHT FO% FOT GA TA
Adam LarssonD0000050122:203:2600:0000% 001
Alexis LafreniereLW0000004014:160:1700:0000% 120
Brayden McNabbD0000051216:140:0000:0000% 001
Derick BrassardC/LW0111015013:500:1700:00054% 1320
Erik HaulaC/LW000-1031015:473:4100:00036% 1100
Filip ForsbergC/LW/RW000-1012016:513:4910:0000% 120
Garnet HathawayLW/RW0001001013:380:0900:00067% 300
Jake McCabeD0000027117:200:0000:0000% 001
Jean-Gabriel PageauC/LW/RW0000012013:540:0000:00086% 700
Jeff SkinnerC/LW1010002016:443:2620:0000% 000
John MarinoD0000001021:263:5800:0000% 000
Kaapo KakkoRW0000000013:390:0000:0000% 000
K'Andre MillerD0110032222:203:2610:0000% 010
Mathew DumbaD0000011120:203:5800:0000% 010
Mats ZuccarelloLW/RW1120011016:443:2610:00033% 300
Mika ZibanejadC/LW/RW0220014016:443:2610:00067% 1500
Ryan HartmanC/LW/RW000-1020015:473:4100:0000% 120
Tyler MotteC/LW/RW1011503012:050:0000:000100% 100

Lightning

5 vs 5 Forward
Line #Left WingCenterRight WingPHYDFOFWanted %Time %Time Play
1Alex TuchDalibor DvorskyMartin Necas1223029%15:18
2William CarrierJeff CarterVladislav Namestnikov1223027%14:22
3Rafael Harvey-PinardCasey CizikasWarren Foegele1223028%14:59
4Alex ChiassonAlex SteevesJakob Silfverberg1221015%7:57
5 vs 5 Defense
Line #DefenseDefensePHYDFOFWanted %Time %Time Play
1Victor HedmanErik Cernak1223534%18:03
2Adam FoxDuncan Keith1223536%18:58
3Matt GrzelcykLuke Schenn1223030%15:35
4Adam FoxMatt Grzelcyk12200%0:00
Power Play Forward
Line #Left WingCenterRight WingPHYDFOFWanted %Time %Time Play
1Alex TuchDalibor DvorskyMartin Necas122500%0:00
2Vladislav NamestnikovJeff CarterRafael Harvey-Pinard122500%0:00
Power Play Defense
Line #DefenseDefensePHYDFOFWanted %Time %Time Play
1Adam FoxVictor Hedman122500%0:00
2Matt GrzelcykDuncan Keith122500%0:00
Penalty Kill 4 Players Forward
Line #CenterWingPHYDFOFWanted %Time %Time Play
1Casey CizikasJakob Silfverberg1225048%3:35
2Warren FoegeleVladislav Namestnikov1225052%3:49
Penalty Kill 4 Players Defense
Line #DefenseDefensePHYDFOFWanted %Time %Time Play
1Luke SchennErik Cernak1225055%4:02
2Matt GrzelcykDuncan Keith1225045%3:22
Penalty Kill 3 Players
Line #WingPHYDFOFWanted %Time %Time PlayDefenseDefensePHYDFOFWanted %Time %Time Play
1Alex Tuch122500%0:00 Adam FoxVictor Hedman122500%0:00
2Casey Cizikas122500%0:00 Erik CernakDuncan Keith122500%0:00
4 vs 4 Forward
Line #CenterWingPHYDFOFWanted %Time %Time Play
1Jeff CarterAlex Tuch122500%0:00
2Dalibor DvorskyMartin Necas122500%0:00
4 vs 4 Defense
Line #DefensePHYDFOFWanted %Time %Time Play
1Adam FoxVictor Hedman122500%0:00
2Erik CernakDuncan Keith122500%0:00
Last Minutes Offensive
Left WingCenterRight WingDefenseDefense
Alex TuchDalibor DvorskyMartin NecasAdam FoxVictor Hedman
Last Minutes Defensive
Left WingCenterRight WingDefenseDefense
Alex TuchJeff CarterMartin NecasAdam FoxVictor Hedman
Time
Total ForwardTotal DefenseLast Minutes OffensiveLast Minutes Defensive
60:00 60:00 0:000:00
Extra Forwards
Normal PowerPlayPenalty Kill
Dalibor Dvorsky, Rafael Harvey-Pinard, Warren FoegeleDalibor Dvorsky, Rafael Harvey-PinardWarren Foegele
Extra Defensemen
Normal PowerPlayPenalty Kill
Matt Grzelcyk, Luke Schenn, Erik CernakMatt Grzelcyk, Luke SchennErik Cernak
Penalty Shots
Alex Tuch, Martin Necas, Jeff Carter, Dalibor Dvorsky, Casey Cizikas
Goalie
Linus Ullmark, Jack Campbell
Custom OT Lines Forwards
Alex Tuch, Dalibor Dvorsky, Martin Necas, Jeff Carter, Jakob Silfverberg, William Carrier, Vladislav Namestnikov, Rafael Harvey-Pinard, Warren Foegele, Alex Steeves
Custom OT Lines Defensemen
Adam Fox, Victor Hedman, Erik Cernak, Duncan Keith, Matt Grzelcyk
Scratches
Ben Chiarot (Healthy), Aleksandr Kisakov (Healthy)

Rangers

5 vs 5 Forward
Line #Left WingCenterRight WingPHYDFOFWanted %Time %Time Play
1Mats ZuccarelloMika ZibanejadJeff Skinner0232525%13:18
2Ryan HartmanErik HaulaFilip Forsberg0232524%12:26
3Alexis LafreniereJean-Gabriel PageauKaapo Kakko0232526%13:39
4Garnet HathawayDerick BrassardTyler Motte2212525%13:13
5 vs 5 Defense
Line #DefenseDefensePHYDFOFWanted %Time %Time Play
1Adam LarssonK'Andre Miller1313536%18:54
2John MarinoJake McCabe1313434%18:00
3Brayden McNabbMathew Dumba1313130%15:42
4Adam LarssonK'Andre Miller04100%0:00
Power Play Forward
Line #Left WingCenterRight WingPHYDFOFWanted %Time %Time Play
1Mats ZuccarelloMika ZibanejadJeff Skinner0145046%3:26
2Ryan HartmanErik HaulaFilip Forsberg0145054%3:58
Power Play Defense
Line #DefenseDefensePHYDFOFWanted %Time %Time Play
1Adam LarssonK'Andre Miller0235046%3:26
2Mathew DumbaJohn Marino0235054%3:58
Penalty Kill 4 Players Forward
Line #CenterWingPHYDFOFWanted %Time %Time Play
1Ryan HartmanErik Haula131500%0:00
2Mika ZibanejadKaapo Kakko131500%0:00
Penalty Kill 4 Players Defense
Line #DefenseDefensePHYDFOFWanted %Time %Time Play
1Adam LarssonK'Andre Miller131500%0:00
2John MarinoJake McCabe131500%0:00
Penalty Kill 3 Players
Line #WingPHYDFOFWanted %Time %Time PlayDefenseDefensePHYDFOFWanted %Time %Time Play
1Ryan Hartman050500%0:00 Adam LarssonK'Andre Miller140500%0:00
2Mika Zibanejad050500%0:00 John MarinoJake McCabe140500%0:00
4 vs 4 Forward
Line #CenterWingPHYDFOFWanted %Time %Time Play
1Mika ZibanejadJeff Skinner023500%0:00
2Filip ForsbergMats Zuccarello023500%0:00
4 vs 4 Defense
Line #DefensePHYDFOFWanted %Time %Time Play
1Adam LarssonK'Andre Miller032500%0:00
2John MarinoJake McCabe032500%0:00
Last Minutes Offensive
Left WingCenterRight WingDefenseDefense
Mats ZuccarelloMika ZibanejadJeff SkinnerAdam LarssonK'Andre Miller
Last Minutes Defensive
Left WingCenterRight WingDefenseDefense
Erik HaulaMika ZibanejadRyan HartmanAdam LarssonK'Andre Miller
Time
Total ForwardTotal DefenseLast Minutes OffensiveLast Minutes Defensive
60:00 60:00 0:000:00
Extra Forwards
Normal PowerPlayPenalty Kill
Filip Forsberg, Jean-Gabriel Pageau, Kaapo KakkoJeff Skinner, Filip ForsbergRyan Hartman
Extra Defensemen
Normal PowerPlayPenalty Kill
Mathew Dumba, Brayden McNabb, K'Andre MillerK'Andre Miller, K'Andre MillerAdam Larsson
Penalty Shots
Mika Zibanejad, Mats Zuccarello, Filip Forsberg, Kaapo Kakko, Alexis Lafreniere
Goalie
Igor Shesterkin, Antti Raanta
Custom OT Lines Forwards
Mika Zibanejad, Filip Forsberg, Mats Zuccarello, Jeff Skinner, Ryan Hartman, Erik Haula, Jean-Gabriel Pageau, Kaapo Kakko, Alexis Lafreniere, Derick Brassard
Custom OT Lines Defensemen
Adam Larsson, K'Andre Miller, Brayden McNabb, Jake McCabe, John Marino
Scratches
Erik Gustafsson (Healthy), Sam Steel (Healthy), Tyler Myers (Healthy)


Play-by-Play

1st period


0:01 of 1st period - Mika Zibanejad wins face-off versus Dalibor Dvorsky in neutral zone.
0:14 of 1st period - Snap shot by Mats Zuccarello.
0:14 of 1st period - Shot Misses the Net.
0:38 of 1st period - Slapshot by Victor Hedman.
0:38 of 1st period - Shot Misses the Net.
1:16 of 1st period - Snap shot by Derick Brassard.
1:16 of 1st period - Stopped by Linus Ullmark with a rebound.
1:18 of 1st period - Backhand shot by Mathew Dumba.
1:18 of 1st period - Stopped by Linus Ullmark without a rebound.
1:19 of 1st period - Derick Brassard wins face-off versus Jeff Carter in Lightning zone.
1:22 of 1st period - Wrist shot by Derick Brassard.
1:22 of 1st period - Shot Misses the Net.
1:24 of 1st period - Slapshot by Brayden McNabb.
1:24 of 1st period - Shot Blocked by Adam Fox.
1:26 of 1st period - Wrist shot by Brayden McNabb.
1:26 of 1st period - Stopped by Linus Ullmark with a rebound.
2:03 of 1st period - Adam Larsson is hit by Duncan Keith and loses puck.
2:08 of 1st period - Slapshot by Alex Tuch.
2:08 of 1st period - Shot Misses the Net.
2:10 of 1st period - Slapshot by Adam Fox.
2:10 of 1st period - Stopped by Igor Shesterkin with a rebound.
2:12 of 1st period - Snap shot by Dalibor Dvorsky.
2:12 of 1st period - Shot Misses the Net.
2:24 of 1st period - Jakob Silfverberg is hit by Mats Zuccarello and loses puck.
3:13 of 1st period - William Carrier is hit by Erik Haula and loses puck.
3:36 of 1st period - Jeff Carter is hit by Adam Larsson and loses puck.
4:21 of 1st period - Snap shot by Jeff Carter.
4:21 of 1st period - Stopped by Igor Shesterkin without a rebound.
4:22 of 1st period - Derick Brassard wins face-off versus Dalibor Dvorsky in Rangers zone.
4:22 of 1st period - Derick Brassard is hit by Luke Schenn.
4:46 of 1st period - Filip Forsberg is hit by Luke Schenn and loses puck.
5:55 of 1st period - K'Andre Miller is hit by Casey Cizikas and loses puck.
7:35 of 1st period - Victor Hedman is hit by Brayden McNabb and loses puck.
7:50 of 1st period - Alex Tuch is hit by Brayden McNabb and loses puck.
7:59 of 1st period - Victor Hedman is hit by Mika Zibanejad and loses puck.
9:17 of 1st period - Snap shot by Jean-Gabriel Pageau.
9:17 of 1st period - Stopped by Linus Ullmark with a rebound.
9:29 of 1st period - Kaapo Kakko is hit by Luke Schenn and loses puck.
9:56 of 1st period - Slapshot by Jean-Gabriel Pageau.
9:56 of 1st period - Shot Misses the Net.
9:58 of 1st period - Slapshot by Jake McCabe.
9:58 of 1st period - Stopped by Linus Ullmark with a rebound.
10:00 of 1st period - Slapshot by Jake McCabe.
10:00 of 1st period - Stopped by Linus Ullmark with a rebound.
10:19 of 1st period - Wrist shot by Alexis Lafreniere.
10:19 of 1st period - Stopped by Linus Ullmark with a rebound.
10:21 of 1st period - Slapshot by Jake McCabe.
10:21 of 1st period - Stopped by Linus Ullmark with a rebound.
10:23 of 1st period - Backhand shot by John Marino.
10:23 of 1st period - Shot Misses the Net.
10:25 of 1st period - Wrist shot by Jean-Gabriel Pageau.
10:25 of 1st period - Shot Misses the Net.
10:42 of 1st period - Snap shot by Jean-Gabriel Pageau.
10:42 of 1st period - Shot Misses the Net.
10:44 of 1st period - Wrist shot by Kaapo Kakko.
10:44 of 1st period - Shot Misses the Net.
10:46 of 1st period - Snap shot by Jake McCabe.
10:46 of 1st period - Deflect By Matt Grzelcyk.
10:46 of 1st period - Stopped by Linus Ullmark with a rebound.
11:03 of 1st period - Slapshot by Jake McCabe.
11:03 of 1st period - Shot Misses the Net.
11:05 of 1st period - Slapshot by Jake McCabe.
11:05 of 1st period - Shot Blocked by Jeff Carter.
11:46 of 1st period - Snap shot by Alexis Lafreniere.
11:46 of 1st period - Shot Misses the Net.
11:48 of 1st period - Slapshot by Jake McCabe.
11:48 of 1st period - Stopped by Linus Ullmark with a rebound.
11:56 of 1st period - Snap shot by Alexis Lafreniere.
11:56 of 1st period - Stopped by Linus Ullmark without a rebound.
11:57 of 1st period - Mika Zibanejad wins face-off versus Dalibor Dvorsky in Lightning zone.
12:31 of 1st period - Slapshot by Warren Foegele.
12:31 of 1st period - Shot Misses the Net.
12:33 of 1st period - Slapshot by Adam Fox.
12:33 of 1st period - Shot Misses the Net.
12:35 of 1st period - Wrist shot by Casey Cizikas.
12:35 of 1st period - Shot Blocked by Adam Larsson.
12:37 of 1st period - Snap shot by Duncan Keith.
12:37 of 1st period - Deflect By Warren Foegele.
12:37 of 1st period - Shot Misses the Net.
12:37 of 1st period - Puck is out of play.
12:38 of 1st period - Casey Cizikas wins face-off versus Garnet Hathaway in Rangers zone.
12:49 of 1st period - Wrist shot by Victor Hedman.
12:49 of 1st period - Stopped by Igor Shesterkin without a rebound.
12:50 of 1st period - Erik Haula wins face-off versus Dalibor Dvorsky in Rangers zone.
13:16 of 1st period - Adam Fox is hit by Adam Larsson.
13:19 of 1st period - Off-side.
13:20 of 1st period - Mika Zibanejad wins face-off versus Casey Cizikas in neutral zone.
13:47 of 1st period - Victor Hedman is hit by Brayden McNabb and loses puck.
14:23 of 1st period - Wrist shot by Victor Hedman.
14:23 of 1st period - Stopped by Igor Shesterkin with a rebound.
14:25 of 1st period - Snap shot by Rafael Harvey-Pinard.
14:25 of 1st period - Shot Misses the Net.
14:27 of 1st period - Wrist shot by Warren Foegele.
14:27 of 1st period - Shot Blocked by K'Andre Miller.
14:29 of 1st period - Wrist shot by Warren Foegele.
14:29 of 1st period - Stopped by Igor Shesterkin without a rebound.
14:30 of 1st period - Dalibor Dvorsky wins face-off versus Derick Brassard in Rangers zone.
14:38 of 1st period - Slapshot by Alex Tuch.
14:38 of 1st period - Shot Misses the Net.
14:42 of 1st period - Slapshot by Alex Tuch.
14:42 of 1st period - Stopped by Igor Shesterkin with a rebound.
14:56 of 1st period - Jakob Silfverberg is hit by Ryan Hartman and loses puck.
15:03 of 1st period - Brayden McNabb is hit by Alex Chiasson and loses puck.
15:28 of 1st period - Adam Larsson is hit by Jakob Silfverberg and loses puck.
17:50 of 1st period - Victor Hedman is hit by Derick Brassard and loses puck.
18:05 of 1st period - Warren Foegele is hit by K'Andre Miller and loses puck.
18:18 of 1st period - Slapshot by Mika Zibanejad.
18:18 of 1st period - Stopped by Linus Ullmark with a rebound.
19:12 of 1st period - Mats Zuccarello is hit by Duncan Keith and loses puck.
Goals for this period are 0 for Lightning vs 0 for Rangers.
Shots for this period are 6 for Lightning vs 12 for Rangers.

2nd period


0:01 of 2nd period - Dalibor Dvorsky wins face-off versus Erik Haula in neutral zone.
0:10 of 2nd period - Wrist shot by Martin Necas.
0:10 of 2nd period - Deflect By Alex Tuch.
0:10 of 2nd period - Shot Misses the Net.
0:10 of 2nd period - Puck is out of play.
0:11 of 2nd period - Garnet Hathaway wins face-off versus Dalibor Dvorsky in Rangers zone.
0:20 of 2nd period - Snap shot by Garnet Hathaway.
0:20 of 2nd period - Shot Misses the Net.
0:22 of 2nd period - Slapshot by Derick Brassard.
0:22 of 2nd period - Stopped by Linus Ullmark without a rebound.
0:23 of 2nd period - Dalibor Dvorsky wins face-off versus Erik Haula in Lightning zone.
0:23 of 2nd period - Dalibor Dvorsky is hit by Adam Larsson.
0:33 of 2nd period - Snap shot by Martin Necas.
0:33 of 2nd period - Shot Misses the Net.
0:41 of 2nd period - Martin Necas is hit by Filip Forsberg and loses puck.
0:56 of 2nd period - Slapshot by Adam Fox.
0:56 of 2nd period - Stopped by Igor Shesterkin with a rebound.
0:58 of 2nd period - Backhand shot by Adam Fox.
0:58 of 2nd period - Deflect By Adam Larsson.
0:58 of 2nd period - Stopped by Igor Shesterkin with a rebound.
1:00 of 2nd period - Slapshot by Duncan Keith.
1:00 of 2nd period - Shot Misses the Net.
1:02 of 2nd period - Snap shot by Rafael Harvey-Pinard.
1:02 of 2nd period - Stopped by Igor Shesterkin without a rebound.
1:03 of 2nd period - Casey Cizikas wins face-off versus Mats Zuccarello in Rangers zone.
1:08 of 2nd period - Snap shot by Warren Foegele.
1:08 of 2nd period - Deflect By Mats Zuccarello.
1:08 of 2nd period - Shot Misses the Net.
1:08 of 2nd period - Puck is out of play.
1:09 of 2nd period - Casey Cizikas wins face-off versus Mika Zibanejad in Rangers zone.
1:38 of 2nd period - Snap shot by Warren Foegele.
1:38 of 2nd period - Stopped by Igor Shesterkin with a rebound.
1:44 of 2nd period - Snap shot by Warren Foegele.
1:44 of 2nd period - Stopped by Igor Shesterkin with a rebound.
1:51 of 2nd period - Icing by Tyler Motte.
1:52 of 2nd period - Derick Brassard wins face-off versus Dalibor Dvorsky in Rangers zone.
2:03 of 2nd period - Snap shot by Martin Necas.
2:03 of 2nd period - Stopped by Igor Shesterkin with a rebound.
2:27 of 2nd period - Backhand shot by Vladislav Namestnikov.
2:27 of 2nd period - Stopped by Igor Shesterkin with a rebound.
2:42 of 2nd period - Wrist shot by Jakob Silfverberg.
2:42 of 2nd period - Stopped by Igor Shesterkin with a rebound.
2:44 of 2nd period - Snap shot by Alex Steeves.
2:44 of 2nd period - Stopped by Igor Shesterkin without a rebound.
2:45 of 2nd period - Dalibor Dvorsky wins face-off versus Erik Haula in Rangers zone.
2:54 of 2nd period - Snap shot by Filip Forsberg.
2:54 of 2nd period - Deflect By Victor Hedman.
2:54 of 2nd period - Stopped by Linus Ullmark without a rebound.
2:55 of 2nd period - Dalibor Dvorsky wins face-off versus Erik Haula in Lightning zone.
2:55 of 2nd period - Dalibor Dvorsky is hit by Ryan Hartman.
2:58 of 2nd period - Minor Penalty to Alex Tuch for Hooking.
2:59 of 2nd period - Casey Cizikas wins face-off versus Mika Zibanejad in Lightning zone.
2:59 of 2nd period - Jakob Silfverberg is hit by Adam Larsson and loses puck.
3:33 of 2nd period - Snap shot by Filip Forsberg.
3:33 of 2nd period - Shot Misses the Net.
4:58 of 2nd period - Penalty to Alex Tuch is over, Alex Tuch is back on ice.
5:20 of 2nd period - Dalibor Dvorsky is hit by Jean-Gabriel Pageau and loses puck.
5:36 of 2nd period - Wrist shot by Derick Brassard.
5:36 of 2nd period - Shot Blocked by Victor Hedman.
5:38 of 2nd period - Slapshot by Jake McCabe.
5:38 of 2nd period - Deflect By Garnet Hathaway.
5:38 of 2nd period - Stopped by Linus Ullmark with a rebound.
5:40 of 2nd period - Slapshot by Brayden McNabb.
5:40 of 2nd period - Deflect By Derick Brassard.
5:40 of 2nd period - Shot Blocked by Adam Fox.
5:40 of 2nd period - Puck is out of play.
5:41 of 2nd period - Jeff Carter wins face-off versus Mika Zibanejad in Lightning zone.
6:17 of 2nd period - Wrist shot by Tyler Motte.
6:17 of 2nd period - Shot Misses the Net.
7:00 of 2nd period - Minor Penalty to Alex Tuch for Delaying the game.
7:01 of 2nd period - Mika Zibanejad wins face-off versus Warren Foegele in Lightning zone.
7:03 of 2nd period - Snap shot by Mika Zibanejad.
7:03 of 2nd period - Stopped by Linus Ullmark with a rebound.
7:09 of 2nd period - Snap shot by Mika Zibanejad.
7:09 of 2nd period - Shot Misses the Net.
7:11 of 2nd period - Wrist shot by Jeff Skinner.
7:11 of 2nd period - Deflect By Warren Foegele.
7:11 of 2nd period - Goal by Jeff Skinner - Lightning : 0 - Rangers : 1.
7:12 of 2nd period - Mika Zibanejad wins face-off versus Dalibor Dvorsky in neutral zone.
7:39 of 2nd period - Ryan Hartman is hit by Rafael Harvey-Pinard and loses puck.
8:58 of 2nd period - Brayden McNabb is hit by Casey Cizikas and loses puck.
9:05 of 2nd period - Slapshot by Warren Foegele.
9:05 of 2nd period - Stopped by Igor Shesterkin without a rebound.
9:06 of 2nd period - Casey Cizikas wins face-off versus Filip Forsberg in Rangers zone.
9:11 of 2nd period - Snap shot by Rafael Harvey-Pinard.
9:11 of 2nd period - Goal by Rafael Harvey-Pinard - Lightning : 1 - Rangers : 1.
9:12 of 2nd period - Mika Zibanejad wins face-off versus Casey Cizikas in neutral zone.
9:19 of 2nd period - Snap shot by Victor Hedman.
9:19 of 2nd period - Shot Blocked by Jake McCabe.
9:59 of 2nd period - Matt Grzelcyk is hit by Jake McCabe and loses puck.
10:06 of 2nd period - Snap shot by Derick Brassard.
10:06 of 2nd period - Stopped by Linus Ullmark with a rebound.
10:08 of 2nd period - Slapshot by Jake McCabe.
10:08 of 2nd period - Stopped by Linus Ullmark without a rebound.
10:09 of 2nd period - Casey Cizikas wins face-off versus Mats Zuccarello in Lightning zone.
10:20 of 2nd period - Slapshot by Warren Foegele.
10:20 of 2nd period - Shot Misses the Net.
10:38 of 2nd period - Snap shot by Alex Tuch.
10:38 of 2nd period - Stopped by Igor Shesterkin with a rebound.
10:40 of 2nd period - Snap shot by Alex Tuch.
10:40 of 2nd period - Stopped by Igor Shesterkin with a rebound.
10:42 of 2nd period - Snap shot by Matt Grzelcyk.
10:42 of 2nd period - Stopped by Igor Shesterkin without a rebound.
10:43 of 2nd period - Jean-Gabriel Pageau wins face-off versus Dalibor Dvorsky in Rangers zone.
10:56 of 2nd period - Wrist shot by Alexis Lafreniere.
10:56 of 2nd period - Shot Hit the Post.
11:13 of 2nd period - Slapshot by Adam Fox.
11:13 of 2nd period - Stopped by Igor Shesterkin with a rebound.
11:15 of 2nd period - Snap shot by Duncan Keith.
11:15 of 2nd period - Stopped by Igor Shesterkin without a rebound.
11:16 of 2nd period - Mika Zibanejad wins face-off versus Casey Cizikas in Rangers zone.
11:46 of 2nd period - Slapshot by Adam Fox.
11:46 of 2nd period - Shot Misses the Net.
11:48 of 2nd period - Slapshot by Adam Fox.
11:48 of 2nd period - Shot Misses the Net.
12:07 of 2nd period - Off-side.
12:08 of 2nd period - Jean-Gabriel Pageau wins face-off versus Dalibor Dvorsky in neutral zone.
12:49 of 2nd period - Warren Foegele is hit by Brayden McNabb and loses puck.
13:00 of 2nd period - Jake McCabe is hit by Erik Cernak and loses puck.
13:07 of 2nd period - Vladislav Namestnikov is hit by K'Andre Miller and loses puck.
13:39 of 2nd period - Snap shot by Kaapo Kakko.
13:39 of 2nd period - Shot Blocked by Victor Hedman.
14:23 of 2nd period - Snap shot by Mika Zibanejad.
14:23 of 2nd period - Deflect By Jeff Skinner.
14:23 of 2nd period - Shot Blocked by Luke Schenn.
14:23 of 2nd period - Puck is out of play.
14:24 of 2nd period - Jeff Carter wins face-off versus Derick Brassard in Lightning zone.
14:30 of 2nd period - Off-side.
14:31 of 2nd period - Jeff Carter wins face-off versus Derick Brassard in neutral zone.
14:34 of 2nd period - Backhand shot by Adam Fox.
14:34 of 2nd period - Shot Blocked by Brayden McNabb.
14:42 of 2nd period - Snap shot by Tyler Motte.
14:42 of 2nd period - Stopped by Linus Ullmark without a rebound.
14:43 of 2nd period - Casey Cizikas wins face-off versus Erik Haula in Lightning zone.
14:43 of 2nd period - Casey Cizikas is hit by K'Andre Miller.
15:56 of 2nd period - Snap shot by Adam Fox.
15:56 of 2nd period - Shot Blocked by Mathew Dumba.
16:00 of 2nd period - Snap shot by Jakob Silfverberg.
16:00 of 2nd period - Stopped by Igor Shesterkin without a rebound.
16:01 of 2nd period - Dalibor Dvorsky wins face-off versus Mika Zibanejad in Rangers zone.
16:14 of 2nd period - Slapshot by Martin Necas.
16:14 of 2nd period - Deflect By Alex Tuch.
16:14 of 2nd period - Stopped by Igor Shesterkin with a rebound.
16:28 of 2nd period - Erik Cernak is hit by Erik Haula and loses puck.
16:51 of 2nd period - Slapshot by Mathew Dumba.
16:51 of 2nd period - Shot Blocked by Erik Cernak.
16:59 of 2nd period - Derick Brassard is hit by Victor Hedman and loses puck.
17:46 of 2nd period - Snap shot by William Carrier.
17:46 of 2nd period - Stopped by Igor Shesterkin with a rebound.
17:48 of 2nd period - Snap shot by Erik Cernak.
17:48 of 2nd period - Stopped by Igor Shesterkin without a rebound.
17:49 of 2nd period - Erik Haula wins face-off versus Martin Necas in Rangers zone.
17:54 of 2nd period - Slapshot by Erik Haula.
17:54 of 2nd period - Stopped by Linus Ullmark without a rebound.
17:55 of 2nd period - Dalibor Dvorsky wins face-off versus Ryan Hartman in Lightning zone.
18:24 of 2nd period - Snap shot by Jakob Silfverberg.
18:24 of 2nd period - Shot Misses the Net.
18:26 of 2nd period - Snap shot by Matt Grzelcyk.
18:26 of 2nd period - Stopped by Igor Shesterkin with a rebound.
18:28 of 2nd period - Wrist shot by Alex Steeves.
18:28 of 2nd period - Stopped by Igor Shesterkin without a rebound.
18:29 of 2nd period - Jean-Gabriel Pageau wins face-off versus Casey Cizikas in Rangers zone.
18:29 of 2nd period - Jean-Gabriel Pageau is hit by Rafael Harvey-Pinard.
18:40 of 2nd period - Wrist shot by Warren Foegele.
18:40 of 2nd period - Shot Misses the Net.
18:42 of 2nd period - Snap shot by Casey Cizikas.
18:42 of 2nd period - Shot Misses the Net.
18:44 of 2nd period - Snap shot by Casey Cizikas.
18:44 of 2nd period - Deflect By Warren Foegele.
18:44 of 2nd period - Shot Blocked by Brayden McNabb.
18:44 of 2nd period - Puck is out of play.
18:45 of 2nd period - Derick Brassard wins face-off versus Dalibor Dvorsky in Rangers zone.
18:47 of 2nd period - Luke Schenn beats up Tyler Motte.
18:47 of 2nd period - Penalty to Tyler Motte for Fighting.
18:47 of 2nd period - Penalty to Luke Schenn for Fighting.
18:48 of 2nd period - Rafael Harvey-Pinard wins face-off versus Mika Zibanejad in neutral zone.
18:50 of 2nd period - Minor Penalty to Casey Cizikas for Hooking.
18:51 of 2nd period - Erik Haula wins face-off versus Jakob Silfverberg in Lightning zone.
18:54 of 2nd period - Slapshot by Filip Forsberg.
18:54 of 2nd period - Stopped by Linus Ullmark with a rebound.
18:56 of 2nd period - Snap shot by Erik Haula.
18:56 of 2nd period - Shot Misses the Net.
18:58 of 2nd period - Slapshot by Mathew Dumba.
18:58 of 2nd period - Shot Blocked by Duncan Keith.
19:00 of 2nd period - Wrist shot by Filip Forsberg.
19:00 of 2nd period - Shot Blocked by Duncan Keith.
19:02 of 2nd period - Wrist shot by Erik Haula.
19:02 of 2nd period - Shot Blocked by Duncan Keith.
19:04 of 2nd period - Slapshot by Mathew Dumba.
19:04 of 2nd period - Shot Misses the Net.
19:06 of 2nd period - Slapshot by John Marino.
19:06 of 2nd period - Shot Misses the Net.
19:16 of 2nd period - John Marino is hit by Duncan Keith and loses puck.
Goals for this period are 1 for Lightning vs 1 for Rangers.
Shots for this period are 22 for Lightning vs 10 for Rangers.

3rd period


0:01 of 3rd period - Mika Zibanejad wins face-off versus Warren Foegele in neutral zone.
0:04 of 3rd period - Slapshot by K'Andre Miller.
0:04 of 3rd period - Stopped by Linus Ullmark with a rebound.
0:06 of 3rd period - Wrist shot by Mats Zuccarello.
0:06 of 3rd period - Goal by Mats Zuccarello - Lightning : 1 - Rangers : 2.
0:07 of 3rd period - Derick Brassard wins face-off versus Casey Cizikas in neutral zone.
0:10 of 3rd period - Slapshot by Adam Larsson.
0:10 of 3rd period - Shot Misses the Net.
0:12 of 3rd period - Slapshot by K'Andre Miller.
0:12 of 3rd period - Stopped by Linus Ullmark with a rebound.
0:32 of 3rd period - Alex Tuch is hit by Adam Larsson and loses puck.
0:55 of 3rd period - Wrist shot by Alexis Lafreniere.
0:55 of 3rd period - Stopped by Linus Ullmark without a rebound.
0:56 of 3rd period - Casey Cizikas wins face-off versus Jean-Gabriel Pageau in Lightning zone.
1:01 of 3rd period - Slapshot by Adam Fox.
1:01 of 3rd period - Stopped by Igor Shesterkin with a rebound.
1:03 of 3rd period - Snap shot by Casey Cizikas.
1:03 of 3rd period - Shot Misses the Net.
1:31 of 3rd period - Garnet Hathaway is hit by Erik Cernak and loses puck.
1:46 of 3rd period - Mika Zibanejad is hit by William Carrier and loses puck.
1:52 of 3rd period - Brayden McNabb is hit by Jeff Carter and loses puck.
2:09 of 3rd period - Kaapo Kakko is hit by Alex Steeves and loses puck.
3:12 of 3rd period - Wrist shot by Jean-Gabriel Pageau.
3:12 of 3rd period - Stopped by Linus Ullmark with a rebound.
3:16 of 3rd period - Snap shot by Jean-Gabriel Pageau.
3:16 of 3rd period - Shot Misses the Net.
3:18 of 3rd period - Slapshot by Mathew Dumba.
3:18 of 3rd period - Shot Blocked by Victor Hedman.
3:28 of 3rd period - Alexis Lafreniere is hit by Alex Chiasson and loses puck.
3:57 of 3rd period - Slapshot by K'Andre Miller.
3:57 of 3rd period - Deflect By Derick Brassard.
3:57 of 3rd period - Shot Misses the Net.
3:57 of 3rd period - Puck is out of play.
3:58 of 3rd period - Derick Brassard wins face-off versus Martin Necas in Lightning zone.
3:59 of 3rd period - Backhand shot by Tyler Motte.
3:59 of 3rd period - Shot Misses the Net.
4:01 of 3rd period - Snap shot by Tyler Motte.
4:01 of 3rd period - Stopped by Linus Ullmark without a rebound.
4:02 of 3rd period - Tyler Motte wins face-off versus Dalibor Dvorsky in Lightning zone.
4:05 of 3rd period - Slapshot by Derick Brassard.
4:05 of 3rd period - Stopped by Linus Ullmark without a rebound.
4:06 of 3rd period - Dalibor Dvorsky wins face-off versus Erik Haula in Lightning zone.
4:17 of 3rd period - Snap shot by Alex Tuch.
4:17 of 3rd period - Shot Misses the Net.
4:21 of 3rd period - Slapshot by Alex Tuch.
4:21 of 3rd period - Deflect By Dalibor Dvorsky.
4:21 of 3rd period - Shot Misses the Net.
4:21 of 3rd period - Puck is out of play.
4:22 of 3rd period - Mats Zuccarello wins face-off versus Casey Cizikas in Rangers zone.
4:22 of 3rd period - Mats Zuccarello is hit by Warren Foegele.
4:32 of 3rd period - Wrist shot by Warren Foegele.
4:32 of 3rd period - Stopped by Igor Shesterkin with a rebound.
4:48 of 3rd period - Filip Forsberg is hit by Jeff Carter and loses puck.
5:55 of 3rd period - Snap shot by Tyler Motte.
5:55 of 3rd period - Goal by Tyler Motte - Lightning : 1 - Rangers : 3.
5:56 of 3rd period - Jeff Carter wins face-off versus Derick Brassard in neutral zone.
6:11 of 3rd period - Wrist shot by Derick Brassard.
6:11 of 3rd period - Stopped by Linus Ullmark with a rebound.
6:23 of 3rd period - Matt Grzelcyk is hit by Brayden McNabb and loses puck.
6:54 of 3rd period - Adam Larsson is hit by Adam Fox.
7:29 of 3rd period - Minor Penalty to Duncan Keith for Holding Stick.
7:30 of 3rd period - Erik Haula wins face-off versus Warren Foegele in Lightning zone.
7:46 of 3rd period - Slapshot by Mathew Dumba.
7:46 of 3rd period - Deflect By Filip Forsberg.
7:46 of 3rd period - Shot Blocked by Warren Foegele.
7:46 of 3rd period - Puck is out of play.
7:47 of 3rd period - Casey Cizikas wins face-off versus Erik Haula in Lightning zone.
8:22 of 3rd period - Wrist shot by Vladislav Namestnikov.
8:22 of 3rd period - Stopped by Igor Shesterkin with a rebound.
9:25 of 3rd period - Snap shot by Jeff Skinner.
9:25 of 3rd period - Stopped by Linus Ullmark without a rebound.
9:26 of 3rd period - Derick Brassard wins face-off versus Warren Foegele in Lightning zone.
9:29 of 3rd period - Penalty to Duncan Keith is over, Duncan Keith is back on ice.
9:33 of 3rd period - Slapshot by Derick Brassard.
9:33 of 3rd period - Shot Blocked by Erik Cernak.
9:35 of 3rd period - Slapshot by Garnet Hathaway.
9:35 of 3rd period - Shot Misses the Net.
9:37 of 3rd period - Slapshot by Alexis Lafreniere.
9:37 of 3rd period - Shot Blocked by Matt Grzelcyk.
9:39 of 3rd period - Slapshot by John Marino.
9:39 of 3rd period - Shot Misses the Net.
9:55 of 3rd period - Slapshot by Alexis Lafreniere.
9:55 of 3rd period - Shot Misses the Net.
10:15 of 3rd period - Wrist shot by Jakob Silfverberg.
10:15 of 3rd period - Shot Blocked by K'Andre Miller.
11:00 of 3rd period - Mats Zuccarello is hit by Casey Cizikas.
11:57 of 3rd period - Wrist shot by Garnet Hathaway.
11:57 of 3rd period - Shot Misses the Net.
12:38 of 3rd period - Mika Zibanejad is hit by Victor Hedman and loses puck.
13:32 of 3rd period - Slapshot by Jake McCabe.
13:32 of 3rd period - Stopped by Linus Ullmark without a rebound.
13:33 of 3rd period - Dalibor Dvorsky wins face-off versus Derick Brassard in Lightning zone.
14:03 of 3rd period - Off-side.
14:04 of 3rd period - Jean-Gabriel Pageau wins face-off versus Jeff Carter in neutral zone.
14:07 of 3rd period - Snap shot by Kaapo Kakko.
14:07 of 3rd period - Shot Misses the Net.
15:14 of 3rd period - Slapshot by Vladislav Namestnikov.
15:14 of 3rd period - Stopped by Igor Shesterkin with a rebound.
15:16 of 3rd period - Wrist shot by Jeff Carter.
15:16 of 3rd period - Shot Misses the Net.
15:18 of 3rd period - Wrist shot by William Carrier.
15:18 of 3rd period - Stopped by Igor Shesterkin without a rebound.
15:19 of 3rd period - Jean-Gabriel Pageau wins face-off versus Casey Cizikas in Rangers zone.
15:56 of 3rd period - Wrist shot by Tyler Motte.
15:56 of 3rd period - Shot Misses the Net.
15:58 of 3rd period - Snap shot by John Marino.
15:58 of 3rd period - Stopped by Linus Ullmark with a rebound.
16:04 of 3rd period - Minor Penalty to Luke Schenn for Roughing.
16:05 of 3rd period - Mika Zibanejad wins face-off versus Casey Cizikas in Lightning zone.
16:35 of 3rd period - Casey Cizikas is hit by Erik Haula and loses puck.
18:04 of 3rd period - Penalty to Luke Schenn is over, Luke Schenn is back on ice.
18:06 of 3rd period - Off-side.
18:07 of 3rd period - Jean-Gabriel Pageau wins face-off versus Dalibor Dvorsky in neutral zone.
18:12 of 3rd period - Wrist shot by Jean-Gabriel Pageau.
18:12 of 3rd period - Shot Blocked by Luke Schenn.
18:14 of 3rd period - Wrist shot by Kaapo Kakko.
18:14 of 3rd period - Shot Misses the Net.
18:16 of 3rd period - Snap shot by Alexis Lafreniere.
18:16 of 3rd period - Stopped by Linus Ullmark without a rebound.
18:17 of 3rd period - Garnet Hathaway wins face-off versus Dalibor Dvorsky in Lightning zone.
18:20 of 3rd period - Snap shot by Derick Brassard.
18:20 of 3rd period - Shot Misses the Net.
19:06 of 3rd period - Wrist shot by Mika Zibanejad.
19:06 of 3rd period - Stopped by Linus Ullmark without a rebound.
19:07 of 3rd period - Mika Zibanejad wins face-off versus Dalibor Dvorsky in Lightning zone.
19:12 of 3rd period - Snap shot by Mika Zibanejad.
19:12 of 3rd period - Stopped by Linus Ullmark without a rebound.
19:13 of 3rd period - Dalibor Dvorsky wins face-off versus Derick Brassard in Lightning zone.
19:13 of 3rd period - Dalibor Dvorsky is hit by Mathew Dumba.
19:27 of 3rd period - Wrist shot by Victor Hedman.
19:27 of 3rd period - Deflect By Dalibor Dvorsky.
19:27 of 3rd period - Shot Misses the Net.
19:27 of 3rd period - Puck is out of play.
19:28 of 3rd period - Casey Cizikas wins face-off versus Alexis Lafreniere in Rangers zone.
19:58 of 3rd period - Erik Cernak is hit by Jake McCabe and loses puck.
Goals for this period are 0 for Lightning vs 2 for Rangers.
Shots for this period are 5 for Lightning vs 15 for Rangers.